 Dungeon Crawl Stone Soup version 0.28-a0-773-g130ae17fe5 (webtiles) character file.

Game seed: 153322146159267122

257 horus123 the Magician (level 5, -1/28 HPs)
             Began as a Deep Elf Conjurer on Nov 1, 2021.
             Slain by Grinder (3 damage)
             ... on level 3 of the Dungeon.
             The game lasted 00:07:03 (2754 turns).

horus123 the Magician (Deep Elf Conjurer)           Turns: 2754, Time: 00:07:04

Health: -1/28      AC:  4    Str:  4    XL:     5   Next: 93%
Magic:  5/15       EV: 12    Int: 24    God:
Gold:   50         SH:  0    Dex: 13    Spells: 7/15 levels left

rFire   . . .      SeeInvis .   (no weapon)
rCold   . . .      Faith    .   (no shield)
rNeg    . . .      Spirit   .   a - +2 robe
rPois   .          Reflect  .   (no helmet)
rElec   .          Harm     .   (no cloak)
rCorr   .          Rampage  .   (no gloves)
Will    .....                   (no boots)
Stlth   ++........              (no amulet)
HPRegen 0.09/turn               (no ring)
MPRegen 0.14/turn               (no ring)

@: flying
A: no striking features
a: no special abilities


You were on level 3 of the Dungeon.
You visited 1 branch of the dungeon, and saw 3 of its levels.

You collected 50 gold pieces.

Inventory:

Armour
 a - a +2 robe (worn)
Scrolls
 b - a scroll of identify
 c - a scroll of noise
 h - 2 scrolls of magic mapping
Potions
 d - a potion of brilliance
 e - a potion of cancellation
 f - a potion of mutation


   Skills:
 - Level 2.4 Dodging
 - Level 2.4 Stealth
 + Level 5.8 Spellcasting
 - Level 5.3 Conjurations
 - Level 3.0 Hexes
 - Level 2.1 Air Magic


You had 7 spell levels left.
You knew the following spells:

 Your Spells              Type           Power      Damage    Failure   Level
a - Magic Dart            Conj           100%       1d8       1%          1
b - Searing Ray           Conj           64%        2d6       1%          2
c - Static Discharge      Conj/Air       25%        N/A       2%          2
d - Dazzling Flash        Conj/Hex       54%        N/A       4%          3

Your spell library contained the following spells:

 Spells                   Type           Power      Damage    Failure   Level
 Fulminant Prism          Conj/Hex       13%        3d9       14%         4
 Iskenderun's Mystic Bla  Conj/Tloc      19%        2d6       26%         4
 Lightning Bolt           Conj/Air       12%        1d26      43%         5
 Maxwell's Capacitive Co  Air            8%         ∞         100%        8


Dungeon Overview and Level Annotations

Branches:
Dungeon (3/15)

Altars:

Annotations:
D:3 Grinder


Message History

Aim: Jessica, wielding a +0 dagger and wearing a +0 robe (81% to hit)
The searing ray hits Jessica!
Jessica is almost dead. (Press . to maintain the ray.)
The searing ray hits Jessica.
You kill Jessica!
Grinder blinks!
Casting: Searing Ray (safe; 1% risk of failure)
Confirm with . or Enter, or press ? or * to list all spells.
Restarting spell: Searing Ray (safe; 1% risk of failure)
Press: ? - help, Shift-Dir - straight line
Okay, then.
Casting: Searing Ray (safe; 1% risk of failure)
Confirm with . or Enter, or press ? or * to list all spells.
Aiming: Searing Ray (safe; 1% risk of failure)
Press: ? - help, Shift-Dir - straight line, f - ball python
Aim: a ball python (78% to hit)
The searing ray hits the ball python!
You kill the ball python! (Press . to maintain the ray.) Grinder gestures at you.
Pain shoots through your body!
Casting: Searing Ray (safe; 1% risk of failure)
Confirm with . or Enter, or press ? or * to list all spells.
Restarting spell: Searing Ray (safe; 1% risk of failure)
Press: ? - help, Shift-Dir - straight line, f - Grinder
Aim: Grinder (78% to hit)
The searing ray hits Grinder!
Grinder is moderately wounded. (Press . to maintain the ray.) Unknown command.
The searing ray misses Grinder.
The searing ray misses Grinder.
Grinder hits you.
* * * LOW HITPOINT WARNING * * *
You writhe in agony.
* * * LOW HITPOINT WARNING * * *
It was a potion of flight.
You feel very buoyant.
You fly up into the air.
Grinder hits you.
You die...

###...........#
#...............# #.
#...........# #.
#)..........#
#####.###......<....#
....................#
..........###########
..........#
....†..@..#
....)..5..#
..........#
..........#
..........#
..........#
.....$....#
###########


You could see Grinder.

Vanquished Creatures
  Jessica (D:3)
  Natasha (thrice) (D:2)
  8 gnolls (D:2)
  An adder (D:2)
  A worm (D:2)
  2 dart slugs
  3 orcs (D:3)
  2 bats (D:1)
  5 endoplasms
  5 giant cockroaches
  6 goblins
  6 hobgoblins
  A jackal (D:2)
  A quokka (D:1)
  9 ball pythons
  3 frilled lizards
  5 kobolds
  5 rats
67 creatures vanquished.

Notes
Turn   | Place    | Note
-------+----------+-------------------------------------------
     0 | D:1      | horus123 the Deep Elf Conjurer began the quest for the Orb.
     0 | D:1      | Reached XP level 1. HP: 10/10 MP: 6/6
   338 | D:1      | Reached XP level 2. HP: 15/15 MP: 5/8
   341 | D:1      | Reached skill level 5 in Conjurations
   403 | D:1      | Learned a level 2 spell: Searing Ray
   683 | D:1      | Reached XP level 3. HP: 19/19 MP: 7/9
   848 | D:1      | Learned a level 2 spell: Static Discharge
   852 | D:1      | Learned a level 3 spell: Dazzling Flash
  1184 | D:2      | Noticed Natasha
  1191 | D:2      | Killed Natasha
  1479 | D:2      | Reached XP level 4. HP: 23/24 MP: 4/11
  1693 | D:2      | Reached skill level 1 in Air Magic
  1711 | D:2      | You fall into a shaft and drop 1 floor!
  2053 | D:2      | Reached XP level 5. HP: 11/28 MP: 3/12
  2373 | D:2      | Noticed Natasha
  2379 | D:2      | Killed Natasha
  2430 | D:2      | Noticed Natasha
  2434 | D:2      | Killed Natasha
  2435 | D:2      | Reached skill level 5 in Spellcasting
  2744 | D:3      | Noticed Jessica
  2745 | D:3      | Noticed Grinder
  2748 | D:3      | Killed Jessica
  2754 | D:3      | Slain by Grinder

Illustrated notes

Levels and vault maps discovered:
D:1:      evilmike_arrival_crescent, layout_loops_ring, minmay_indecisive_spiral
D:2:      layout_rooms, dk_vineyard_3, minmay_quantized, uniq_natasha
D:3:      layout_basic, gammafunk_ghost_stat_death, minmay_quadrilaterals,
          uniq_jessica, uniq_grinder

Skill      XL: |  1  2  3  4  5 |
---------------+----------------+-----
Conjurations   | 5 |  5.3
Hexes          | 2 3 |  3.0
Air Magic      | 2 |  2.1
Spellcasting   | 5 |  5.8
Dodging        | |  2.4
Stealth        | |  2.4

Action                   |  1- 3 |  4- 6 || total
-------------------------+-------+-------++-------
 Cast: Magic Dart        |    50 |    32 ||    82
       Searing Ray       |     2 |    18 ||    20
       Static Discharge  |     1 |       ||     1
  Use: Scroll            |       |    11 ||    11
       Potion            |       |     1 ||     1
Armor: Robe              |       |     7 ||     7
Dodge: Dodged            |     2 |    16 ||    18

Table legend: (Time is in decaauts)
 A = Elapsed time spent in this place.
 B = Non-inter-level travel time spent in this place.
 C = Inter-level travel time spent in this place.
 D = Time resting spent in this place.
 E = Time spent auto-exploring this place.
 F = Levels seen in this place.
 G = Mean time per level.
                   A        B        C        D        E       F      G
               +--------+--------+--------+--------+--------+-----+--------+
         Total |   2756 |   2689 |     67 |    837 |   1524 |   3 |  918.7 |
       Dungeon |   2756 |   2689 |     67 |    837 |   1524 |   3 |  918.7 |
               +--------+--------+--------+--------+--------+-----+--------+

Top non-repeatable levels by time:
     D:2: 1282 daAuts
     D:1: 1221 daAuts
     D:3: 252 daAuts
